 Dungeon Crawl Stone Soup version 0.28-a0-662-g1651b1f1e0 (webtiles) character file.

Game seed: 8261404591301989048

7727 Leszczynek the Cleaver (level 11, -7/86 HPs)
             Began as a Human Gladiator on Oct 7, 2021.
             Was an Initiate of Gozag.
             Mangled by a two-headed ogre (14 damage)
             ... on level 11 of the Dungeon on Oct 14, 2021.
             The game lasted 00:51:43 (6281 turns).

Leszczynek the Cleaver (Human Gladiator)            Turns: 6281, Time: 00:51:44

Health: -7/86      AC:  9    Str: 17 (18) XL:     11   Next: 42%
Magic:  11/11      EV: 15    Int: 13 (16) God:    Gozag
Gold:   1314       SH:  0    Dex: 15      Spells: 10/10 levels left

rFire   + . .      SeeInvis .   a - +8 battleaxe of the Lame Duck {vamp, rF+ rCorr Int+2}
rCold   . . .      Faith    .   (shield currently unavailable)
rNeg    . . .      Spirit   .   A - +0 steam dragon scales
rPois   .          Reflect  .   k - +0 helmet
rElec   .          Harm     .   B - +1 cloak
rCorr   +          Rampage  .   (no gloves)
Will    .....                   p - +0 pair of boots {Fly}
Stlth   +.........              j - amulet of the acrobat
HPRegen 0.24/turn               D - +6 ring of intelligence
MPRegen 0.12/turn               (no ring)

@: flying, hasted, very quick
A: no striking features
a: Renounce Religion, Potion Petition, Call Merchant, Bribe Branch


You were on level 11 of the Dungeon.
You worshipped Gozag.
Gozag was most pleased with you.
You visited 1 branch of the dungeon, and saw 11 of its levels.

You collected 1626 gold pieces.
You spent 312 gold pieces at shops.

Inventory:

Hand Weapons
 a - the +8 battleaxe of the Lame Duck (weapon) {vamp, rF+ rCorr Int+2}
   (You acquired it on level 11 of the Dungeon)

   It occasionally heals its wielder for a portion of the damage dealt when it
   wounds a living foe.
   Int:       It affects your intelligence (+2).
   rF:        It protects you from fire.
   rCorr:     It protects you from acid and corrosion.
 b - a +0 hunting sling
 c - a +1 war axe of venom
 i - a +0 shortbow
 w - a +0 falchion
 z - a +0 morningstar
 C - a +2 vorpal executioner's axe
 E - a +1 vorpal war axe
Missiles
 g - 130 arrows
 n - 30 bolts
 r - 18 sling bullets
 I - 2 boomerangs (quivered)
Armour
 k - a +0 helmet (worn)
 p - a +0 pair of boots of flying (worn)
 s - a +0 kite shield
 A - +0 steam dragon scales (worn)
 B - a +1 cloak (worn)
Jewellery
 e - an amulet of magic regeneration
 j - an amulet of the acrobat (around neck)
 o - a ring of fire
 D - a +6 ring of intelligence (left hand)
Wands
 h - a wand of flame (14)
 y - a wand of iceblast (10)
 G - a wand of polymorph (7)
Scrolls
 m - a scroll of silence {!r}
 q - a scroll of immolation {!r}
 u - 2 scrolls of amnesia
 v - a scroll of holy word {!r}
 x - 2 scrolls of enchant weapon
Potions
 d - a potion of might
 t - a potion of cancellation
 F - a potion of attraction
 H - a potion of mutation {!q}
 J - a potion of berserk rage {unknown}


   Skills:
 - Level 8.0 Fighting
 * Level 12.9 Axes
 - Level 2.0 Throwing
 - Level 6.5 Dodging
 - Level 6.0 Evocations


You had 10 spell levels left.
You didn't know any spells.
Your spell library contained the following spells:

 Spells                   Type           Power      Damage    Failure   Level
 Magic Dart               Conj           0%         1d3       30%         1
 Call Imp                 Summ           0%         N/A       43%         2
 Ensorcelled Hibernation  Hex/Ice        0%         N/A       43%         2
 Slow                     Hex            0%         N/A       43%         2
 Confusing Touch          Hex            0%         N/A       67%         3
 Dazzling Flash           Conj/Hex       0%         N/A       67%         3
 Mephitic Cloud           Conj/Pois/Air  0%         N/A       67%         3
 Tukima's Dance           Hex            0%         N/A       67%         3
 Summon Lightning Spire   Summ/Air       0%         N/A       97%         4
 Agony                    Necr           0%         N/A       100%        5
 Silence                  Hex/Air        0%         N/A       100%        5
 Summon Forest            Summ/Tloc      0%         N/A       100%        5
 Yara's Violent Unravell  Hex/Tmut       0%         3d3       100%        5
 Conjure Ball Lightning   Conj/Air       0%         3x3d6     100%        6
 Eringya's Noxious Bog    Tmut/Pois      0%         N/A       100%        6
 Storm Form               Tmut/Air       0%         N/A       100%        7
 Summon Hydra             Summ           0%         N/A       100%        7
 Discord                  Hex            0%         N/A       100%        8
 Disjunction              Tloc           0%         N/A       100%        8
 Maxwell's Capacitive Co  Air            0%         ∞         100%        8


Dungeon Overview and Level Annotations

Branches:
Dungeon (11/15)            Temple (0/1) D:5            Lair (0/6) D:9
    Orc (0/2) D:10

Altars:
Dithmenos
Elyvilon
Gozag
Qazlal
Yredelemnul
The Shining One

Shops:
D:3 :   D:6 *   D:7 :

Annotations:
D:4 2 transporters, NigelTetley's ghost, amateur TrFi
D:5 3 runed translucent doors, Eptagon's ghost, amateur DEAE
D:10 1 transporter (broad axe inside), sixsigma's ghost, journeyman GnCj
D:11 Harold


Message History

You see here a +0 war axe.
There is a stone staircase leading down here.
A two-headed ogre comes into view. It is wielding two +0 giant clubs.
Found a stone staircase leading up.
There is an empty arch of ancient stone here.
The two-headed ogre shouts in stereo!
You slash the two-headed ogre!
The two-headed ogre is lightly wounded.
The two-headed ogre hits you with a +0 giant club!
The two-headed ogre barely misses you.
You slash the two-headed ogre!
You feel better.
The two-headed ogre is moderately wounded.
The two-headed ogre hits you with a +0 giant club!!
The two-headed ogre hits you with a +0 giant club!
You hit the two-headed ogre.
You feel better.
The two-headed ogre is moderately wounded.
The two-headed ogre closely misses you.
The two-headed ogre hits you with a +0 giant club!
You barely miss the two-headed ogre.
The two-headed ogre is moderately wounded.
The two-headed ogre barely misses you. x2
You slash the two-headed ogre!
The two-headed ogre is severely wounded.
You barely miss the two-headed ogre.
The two-headed ogre is severely wounded.
The two-headed ogre hits you with a +0 giant club!!
* * * LOW HITPOINT WARNING * * *
The two-headed ogre hits you with a +0 giant club.
* * * LOW HITPOINT WARNING * * *
Unknown command.
Enter note: why did it suddenly regain 1/4 of its health?
Enter note: ???
Enter note: it's not a monster with 4 hp, it can't be regen
Enter note: what the actual fuck A meliai zombie comes into view.
Okay, then.
You feel yourself speed up. The two-headed ogre closely misses you.
The two-headed ogre hits you with a +0 giant club!
You die...
Your body crumbles into a pile of gold.

###### .....# .#...# .....#
.#...############################
.........#.............#.........
####.....#................<......
...#.....#.....Z@O.....∩.........
.####.##.#######...##..###..###..
#####.##.###..##...##..###..#
...........>..................
...............................
.##.........................##...
.##...##+#######.####..###..# ...
......##..##.###.####..###+###..
.............#...#..............


You could see a two-headed ogre and a meliai zombie.

Vanquished Creatures
  2 centaur warriors (D:9)
  A tengu warrior (D:9)
  Pikel (D:7)
  A manticore (D:9)
  Maggie (D:7)
  An acid dragon (D:11)
  9 orc warriors
  A sky beast (D:6)
  A necrophage (D:7)
  2 ice beasts
  A centaur (D:9)
  2 phantoms
  A kobold brigand (D:8)
  A bullfrog (D:6)
  A gnoll sergeant (D:11)
  A scorpion (D:7)
  A water moccasin zombie (D:5)
  A water moccasin skeleton (D:4)
  4 wights (D:7)
  3 killer bees
  3 electric eels (D:10)
  2 howler monkeys (D:9)
  2 hounds
  5 orc priests
  A centaur skeleton (D:6)
  5 centaur zombies
  A gnoll shaman (D:10)
  A jelly (D:4)
  4 iguanas
  16 orc wizards
  A killer bee zombie (D:5)
  A hound zombie (D:4)
  A howler monkey zombie (D:5)
  8 gnolls
  6 adders
  2 white imps (D:5)
  2 ufetubi
  A dart slug (D:1)
  26 orcs
  3 ball pythons
  9 endoplasms
  A giant cockroach (D:1)
  12 goblins
  2 hobgoblins
  4 jackals (D:5)
  A quokka (D:1)
  4 bats
  2 frilled lizards
  8 kobolds
  5 rats
175 creatures vanquished.

Vanquished Creatures (others)
  An orc wizard (D:7)
  An orc (D:10)
  A quokka (D:9)
  3 fungi (D:9)
  36 plants
42 creatures vanquished.

Grand Total: 217 creatures vanquished

Notes
Turn   | Place    | Note
-------+----------+-------------------------------------------
     0 | D:1      | Leszczynek the Human Gladiator began the quest for the Orb.
     0 | D:1      | Reached XP level 1. HP: 16/16 MP: 1/1
   132 | D:1      | Reached XP level 2. HP: 19/22 MP: 2/2
   202 | D:1      | Found a faded altar of an unknown god.
   223 | D:1      | Became a worshipper of Gozag Ym Sagoz the Greedy
   330 | D:2      | Reached skill level 4 in Axes
   330 | D:2      | Reached XP level 3. HP: 23/27 MP: 3/3
   498 | D:3      | Upgraded the game from 0.28-a0-622-gbaef9634d7 to
                  | 0.28-a0-628-g3c9886e45e
   538 | D:3      | Reached XP level 4. HP: 28/33 MP: 4/4
   540 | D:3      | Found Coulugih's Book Shop.
   644 | D:2      | Reached skill level 5 in Axes
   805 | D:4      | Reached XP level 5. HP: 17/38 MP: 5/5
   918 | D:4      | Noticed a sky beast
   943 | D:4      | Noticed NigelTetley's ghost (amateur TrFi)
   960 | D:4      | Found a transporter.
   963 | D:4      | Found a transporter.
   995 | D:4      | Reached skill level 6 in Axes
  1030 | D:4      | Reached XP level 6. HP: 22/44 MP: 6/6
  1099 | D:5      | Entered Level 5 of the Dungeon
  1234 | D:5      | Found a shadowy altar of Dithmenos.
  1240 | D:5      | Reached skill level 3 in Fighting
  1260 | D:5      | Found a runed translucent gate.
  1260 | D:5      | Found a runed translucent gate.
  1260 | D:5      | Found a runed translucent gate.
  1299 | D:5      | Noticed Eptagon's ghost (amateur DEAE)
  1299 | D:5      | Noticed an ice beast
  1299 | D:5      | Noticed an ice beast
  1339 | D:5      | Found a staircase to the Ecumenical Temple.
  1492 | D:5      | Reached skill level 4 in Fighting
  1492 | D:5      | Reached XP level 7. HP: 45/54 MP: 7/7
  1496 | D:5      | Found a basalt altar of Yredelemnul.
  1582 | D:5      | HP: 10/54 [killer bee zombie (6)]
  1775 | D:6      | Reached skill level 7 in Axes
  2128 | D:6      | Found Vatt's General Store.
  2136 | D:6      | Bought a potion of heal wounds for 65 gold pieces
  2136 | D:6      | Bought a scroll of identify for 26 gold pieces
  2136 | D:6      | Bought a scroll of identify for 26 gold pieces
  2136 | D:6      | Bought a scroll of identify for 26 gold pieces
  2136 | D:6      | Bought a wand of paralysis (11) for 169 gold pieces
  2195 | D:6      | Reached skill level 8 in Axes
  2195 | D:6      | Reached XP level 8. HP: 60/60 MP: 8/8
  2372 | D:7      | Found Kaehar Gacu's Self-Improvement Boutique.
  2407 | D:7      | Found a glowing golden altar of the Shining One.
  2407 | D:7      | Noticed Maggie
  2407 | D:7      | Noticed Pikel
  2408 | D:7      | this was a mistake
  2428 | D:7      | HP: 12/60 [Pikel (1)]
  2433 | D:7      | Killed Pikel
  2434 | D:7      | Reached skill level 10 in Axes
  2440 | D:7      | Killed Maggie
  2441 | D:7      | Reached XP level 9. HP: 30/65 MP: 9/9
  2490 | D:7      | Reached skill level 11 in Axes
  2500 | D:7      | >level 11
  2500 | D:7      | oops, i forgot to change it
  2619 | D:7      | Reached skill level 5 in Fighting
  2774 | D:7      | HP: 11/69 [ice beast (7)]
  2776 | D:7      | Reached skill level 6 in Fighting
  3341 | D:9      | Noticed a centaur warrior
  3353 | D:9      | Killed a centaur warrior
  3354 | D:9      | Reached skill level 8 in Fighting
  3354 | D:9      | Reached skill level 2 in Evocations
  3354 | D:9      | Reached XP level 10. HP: 31/80 MP: 10/10
  3395 | D:9      | Upgraded the game from 0.28-a0-628-g3c9886e45e to
                  | 0.28-a0-655-g4eb62b627b
  3439 | D:10     | Entered Level 10 of the Dungeon
  3491 | D:9      | Found a staircase to the Lair.
  3514 | D:9      | HP: 16/80 [orc warrior (9)]
  3515 | D:9      | """"""53%""""""
  3515 | D:9      | so if leaving things to chance is bad
  3515 | D:9      | why are hexes in the game again?
  3515 | D:9      | can someone tell me?
  3655 | D:9      | Noticed a manticore
  3703 | D:9      | Reached skill level 3 in Evocations
  3708 | D:9      | Reached skill level 4 in Dodging
  3725 | D:9      | Found a stormy altar of Qazlal.
  3783 | D:9      | Noticed a centaur warrior
  3784 | D:9      | noooooope
  3941 | D:9      | Killed a manticore
  3942 | D:9      | Reached skill level 5 in Dodging
  3970 | D:9      | Reached skill level 4 in Evocations
  4166 | D:9      | HP: 14/80 [orc priest/nerve-wracking pain (11)]
  4295 | D:9      | Noticed a tengu warrior
  4425 | D:9      | Found a white marble altar of Elyvilon.
  4450 | D:9      | Killed a centaur warrior
  4451 | D:9      | Reached skill level 6 in Dodging
  4472 | D:9      | Killed a tengu warrior
  4473 | D:9      | Reached skill level 5 in Evocations
  4689 | D:10     | HP: 13/80 [something (6)]
  4694 | D:10     | HP: 8/80 [something (4)]
  4858 | D:10     | Upgraded the game from 0.28-a0-655-g4eb62b627b to
                  | 0.28-a0-662-g1651b1f1e0
  4895 | D:10     | Reached XP level 11. HP: 55/86 MP: 11/11
  5380 | D:10     | Reached skill level 12 in Axes
  5380 | D:10     | Reached skill level 6 in Evocations
  5388 | D:10     | Found a transporter.
  5389 | D:10     | Identified the +6 giant club "Dierhon" {flame, Int+5
                  | Stlth+}
  5389 | D:10     | Noticed a two-headed ogre
  5389 | D:10     | Noticed sixsigma's ghost (journeyman GnCj)
  5390 | D:10     | Noticed a two-headed ogre
  5391 | D:10     | Noticed a two-headed ogre
  5425 | D:10     | HP: 17/86 [orc warrior (15)]
  5598 | D:10     | Found a staircase to the Orcish Mines.
  5922 | D:11     | Noticed Harold
  5978 | D:11     | Identified 3 scrolls of acquirement
  5978 | D:11     | Acquired a +2 vorpal executioner's axe
  5985 | D:11     | Acquired the +8 battleaxe of the Lame Duck {vamp, rF+ rCorr
                  | Int+2}
  5986 | D:11     | i think this will be more useful than a rf+ will+ ring
  5986 | D:11     | at least for now
  5988 | D:11     | Acquired a +0 pair of boots of flying
  6261 | D:11     | Noticed a two-headed ogre
  6271 | D:11     | HP: 6/86 [two-headed ogre (29)]
  6272 | D:11     | why did it suddenly regain 1/4 of its health?
  6272 | D:11     | ???
  6272 | D:11     | it's not a monster with 4 hp, it can't be regen
  6272 | D:11     | what the actual fuck
  6281 | D:11     | Mangled by a two-headed ogre

Illustrated notes #.## ## ###### ##...## .. ..... . #..#..# #. #..#. ..#.#.. #.#####....### .#._.#. #.≈≈.≈≈.##...##K5#.#.. #≈≈≈.≈≈≈####..#5@.#..# #≈≈⌠.⌠≈≈# ##.@## #...∩...# ##..## #≈≈⌠.⌠≈≈#######..## #≈≈≈.≈≈≈#.........# ##≈≈.≈≈.#.#######.# ##.##.............. #.......########..# .. ###.##### ..# #. #.# .## Turn 2408 on D:7: this was a mistake #...## ##....# ##...#)# ##....#..# ##....###..## ##....##.##..## ## ########....##...##..# .. ..........##..#..##..# #. ##..#.@.##..#.#..##... #.#####....###..#._.#..###. #.≈≈.≈≈.##...##..#.#..# #≈≈≈.≈≈≈####..#'..#..## #≈≈⌠.⌠≈≈# ##..##...##..# #...∩...# ##..##.## #≈≈⌠.⌠≈≈#######..### #≈≈≈.≈≈≈#.....[...# ##≈≈.≈≈.#.#######.# Turn 2500 on D:7: >level 11

#.....P...#...#
#≈.PP>...≈#.#.#
.....Po.#...# .#
#...##$....# #.#
...#...#....>#.# #.#
#...≈...#..## ## #.#
..#######...# ##.#
#.## .# ###.###..##
#..# .#
##.#@...#####..###.##
#.o.......<....#....
###......#####......##
#......#...# #........
#.#......#.####.......
#.#.....#...##........
#.###.#...............
#.###.###...#.........
#.##...###.##...#>)...


Turn 3515 on D:9: """"""53%"""""" ######### #..)@..)# #.###....... #. .###### #.
.# #. .# . .. .c # ## o# . .# . Turn 3784 on D:9: noooooope #..# ####'##..#
#.......#........# #.......#........# #.......#........# #......##....##..#
#.....##....##..# ##>....##....###'# #................# #.....@...>......#
#................# ################## Turn 5986 on D:11: i think this will be
more useful than a rf+ will+ ring # ###################### #
............#......... # .............@O...... # .........∩......... #
#####...##..###..###.. ###..##...##..###..# ..>..................
...................... ...................##... #######.####..###..# ...
.##.###.####..###+###.. Turn 6272 on D:11: why did it suddenly regain 1/4 of its
health?

Levels and vault maps discovered:
D:1:      ebering_trefoil_3fold, layout_basic,
          hellmonk_ecumenical_altar_lost_god
D:2:      layout_rooms, hex_medium
D:3:      layout_loops_cross, bloody_makhleb, serial_shops,
          nicolae_shop_waterfront, st_stairs_14
D:4:      layout_cave_pools, gammafunk_ghost_arena, grunt_ministairs_12,
          grunt_decor_fettered, minmay_misc_feat_plants, corexii_corridor_pit,
          minmay_distorted
D:5:      layout_loops_ring, grunt_dithmenos_shadows,
          lemuel_zombie_altar_yredelemnul, minmay_temple_entry_statues_pillars,
          gammafunk_ghost_icy
D:6:      layout_basic, serial_shops, nicolae_diamond_shop,
          hangedman_abyss_or_decor_passed, corexii_leaking_fountain
D:7:      layout_loops_ring, worldfamousw_hep_ancestral_shrine, tso_metal_star,
          nicolae_shop_self_help, uniq_maggie, uniq_pikel,
          uniq_crazy_yiuf_cottage
D:8:      layout_layer_cave, mainiacjoe_overflow_small_starburst,
          minmay_statues_item
D:9:      layout_loops_ring, mainiacjoe_overflow_cross_hatched,
          elyvilon_altar_4, dpeg_oklobed_lair, kennysheep_small_spiral,
          minmay_checkerbox
D:10:     layout_layer_cave, erik_orc_2, gammafunk_ghost_smash
D:11:     minmay_the_grid_3x2 [minmay_the_grid_all_tris, minmay_the_grid_expand,
          minmay_the_grid_garden, minmay_the_grid_medium_cups,
          minmay_the_grid_minigrid_small_alt,
          minmay_the_grid_prize_four_corners_diamond_b], layout_gridville,
          gauntlet_entry_generic, columned_hall_lemuel, uniq_harold

Skill      XL: |  1  2  3  4  5  6  7  8  9 10 11 |
---------------+----------------------------------+-----
Axes           | 4 5 6 8 10 11 12 | 12.9
Fighting       | 4 8 |  8.0
Evocations     | 2 5 6 |  6.0
Dodging        | 6 |  6.5
Throwing       | |  2.0

Action                   |  1- 3 |  4- 6 |  7- 9 | 10-12 || total
-------------------------+-------+-------+-------+-------++-------
Melee: War axe           |    72 |   127 |   184 |   225 ||   608
       Battleaxe         |       |       |       |    16 ||    16
 Fire: Hunting sling     |       |     6 |    29 |     6 ||    41
Throw: Throwing net      |     1 |     2 |       |     2 ||     5
Evoke: Wand              |       |       |     4 |    27 ||    31
  Use: Scroll            |       |       |    11 |    14 ||    25
       Potion            |       |       |     6 |     5 ||    11
 Stab: Sleeping          |     1 |     1 |     1 |       ||     3
       Paralysed         |       |       |     5 |    13 ||    18
       Held in net/web   |       |       |       |     2 ||     2
Armor: Leather armour    |    25 |    25 |       |       ||    50
       Ring mail         |       |    10 |    29 |       ||    39
       Steam dragon scal |       |       |    26 |    74 ||   100
Dodge: Dodged            |    44 |    85 |   104 |   199 ||   432

Table legend: (Time is in decaauts)
 A = Elapsed time spent in this place.
 B = Non-inter-level travel time spent in this place.
 C = Inter-level travel time spent in this place.
 D = Time resting spent in this place.
 E = Time spent auto-exploring this place.
 F = Levels seen in this place.
 G = Mean time per level.
                   A        B        C        D        E       F      G
               +--------+--------+--------+--------+--------+-----+--------+
         Total |   6494 |   6281 |    213 |     46 |      0 |  11 |  590.4 |
       Dungeon |   6494 |   6281 |    213 |     46 |      0 |  11 |  590.4 |
               +--------+--------+--------+--------+--------+-----+--------+

Top non-repeatable levels by time:
     D:9: 1527 daAuts
    D:10: 972 daAuts
     D:5: 637 daAuts
     D:6: 608 daAuts
     D:7: 589 daAuts
    D:11: 568 daAuts
     D:8: 423 daAuts
     D:4: 350 daAuts
     D:1: 300 daAuts
     D:3: 295 daAuts
     D:2: 221 daAuts
